Map: Glittering Ashes LE

Players

Pumba - Winner!

  • Race: Protoss Protoss
  • League: Gold
  • Spawn Location: 1:00

Oogabooga

  • Race: Terran Terran
  • League: Platinum
  • Spawn Location: 7:00

VOD

Have the link to the VOD?

Description

Time

  • Played on: Feb. 1, 2022, 6:25 p.m.
  • Length: 7:46
Show
View Real Time Build Order
Export as new Build Order

Pumba Protoss - Winner!

Build Orders: 1 Gate Expand 

Get SALT Encoding   

  12  0:00  Probe  
  13  0:12  Probe  
  14  0:19  Pylon  
  14  0:24  Probe  
  15  0:37  Probe (Chrono Boost)  
  15  0:39  Gateway  
  16  0:49  Probe (Chrono Boost)  
  17  0:50  Assimilator  
  17  0:55  Probe (Chrono Boost)  
  18  1:05  Probe  
  19  1:18  Probe  
  20  1:26  Nexus  
  20  1:41  Cybernetics Core  
  20  1:43  Probe  
  21  1:47  Assimilator  
  21  1:53  Pylon  
  21  1:55  Probe  
  21  2:07  Probe  
  22  2:09  Warp Gate  
  22  2:15  Stalker (Chrono Boost)  
  22  2:19  Probe  
  25  2:31  Probe (Chrono Boost)  
  25  2:33  Robotics Facility  
  26  2:42  Probe (Chrono Boost)  
  26  2:44  Stalker  
  30  2:49  Probe (Chrono Boost)  
  31  2:52  Probe (Chrono Boost)  
  31  2:56  Probe (Chrono Boost)  
  31  2:57  Probe (Chrono Boost)  
  33  3:07  Probe  
  33  3:09  Probe (Chrono Boost)  
  33  3:10  Gateway  
  33  3:12  Gateway  
  35  3:16  Stalker  
  38  3:21  Probe (Chrono Boost)  
  38  3:25  Observer, Probe (Chrono Boost)  
  40  3:31  Probe (Chrono Boost)  
  40  3:33  Probe (Chrono Boost)  
  42  3:37  Pylon  
  42  3:39  Probe  
  43  3:42  Pylon  
  43  3:44  Probe  
  44  3:50  Assimilator  
  44  3:51  Probe, Assimilator  
  45  3:57  Probe  
  46  4:05  Sentry  
  46  4:06  Sentry x2  
  46  4:08  Probe  
  46  4:09  Probe  
  54  4:15  Pylon  
  58  4:18  Immortal (Chrono Boost)  
  58  4:20  Probe  
  58  4:21  Probe  
  60  4:31  Robotics Bay  
  60  4:37  Probe x2  
  62  4:46  Pylon  
  62  5:08  Probe  
  62  5:10  Pylon  
  62  5:13  Twilight Council  
  63  5:18  Stalker x2  
  63  5:19  Stalker  
  69  5:39  Gateway  
  69  5:41  Gateway  
  69  5:43  Gateway  
  69  5:44  Gateway  
  69  5:49  Gateway  
  69  5:51  Gateway  
  69  6:07  Stalker x3  
  69  6:09  Shield Battery, Nexus  
  75  6:11  Shield Battery  
  75  6:14  Pylon  
  75  6:24  Pylon  
  75  6:27  Probe x2, Pylon  
  75  6:31  Stalker x3  
  83  6:35  Stalker x2  
  83  6:39  Probe  
  88  6:40  Pylon  
  88  6:41  Pylon  
  88  6:42  Stalker  
  86  6:56  Stalker  
  86  6:57  Stalker x3  
  90  7:14  Stalker x4  
  84  7:31  Stalker x5  
Show
View Real Time Build Order
Export as new Build Order

Oogabooga Terran 

Build Orders:  

Get SALT Encoding   

  12  0:00  SCV  
  13  0:13  SCV  
  14  0:17  Supply Depot  
  14  0:25  SCV  
  15  0:39  SCV  
  15  0:41  Barracks  
  16  0:50  Refinery  
  16  0:51  SCV  
  17  1:03  SCV  
  18  1:15  SCV  
  18  1:17  Refinery  
  19  1:27  SCV  
  19  1:28  Supply Depot  
  19  1:29  Marine  
  21  1:40  SCV  
  22  1:56  Command Center  
  22  2:07  Factory  
  22  2:18  Orbital Command  
  22  2:45  Barracks Tech Lab  
  22  2:55  SCV  
  23  3:01  Starport  
  23  3:09  Starport  
  23  3:23  SCV  
  24  3:33  Orbital Command, Starport  
  24  3:35  SCV  
  25  3:44  Starport Tech Lab  
  25  3:47  SCV  
  26  3:50  Fusion Core  
  26  3:59  SCV  
  27  4:04  Refinery  
  27  4:05  SCV  
  27  4:06  Refinery  
  28  4:11  SCV  
  28  4:16  Starport Tech Lab  
  29  4:17  Starport Tech Lab  
  29  4:18  SCV  
  29  4:23  SCV  
  31  4:25  Armory  
  31  4:30  SCV  
  32  4:35  Supply Depot, SCV  
  33  4:42  SCV  
  34  4:45  Weapon Refit  
  34  4:46  Supply Depot  
  34  4:47  SCV  
  35  4:54  SCV  
  35  4:59  SCV  
  37  5:00  Supply Depot  
  37  5:06  SCV  
  38  5:09  Supply Depot  
  38  5:11  SCV  
  39  5:18  SCV  
  40  5:23  Supply Depot  
  40  5:24  SCV  
  40  5:25  Command Center  
  41  5:31  Battlecruiser  
  41  5:32  Supply Depot  
  47  5:40  SCV x2  
  49  5:52  SCV x2, Battlecruiser  
  56  6:09  Battlecruiser  
Tags
 
Add a new tag
Caveats
  • Supply blocks, unpowered buildings, or Contaminate may cause inaccurate times.
  • Supply counts are checked every 10 seconds.